 Dungeon Crawl Stone Soup version 0.27.1-34-g3ba077fa99 (console) character file.

Game seed: 9058152475997115628

340 Banquo the Chopper (level 6, -2/46 HPs)
             Began as a Djinni Chaos Knight on Jan 6, 2022.
             Was an Initiate of Ashenzari.
             Slain by a phantom (4 damage)
             ... on level 5 of the Dungeon.
             The game lasted 00:11:27 (5869 turns).

Banquo the Chopper (Djinni Chaos Knight)            Turns: 5869, Time: 00:11:27

Health: -2/46      AC:  5    Str: 11    XL:     6   Next: 87%
Gold:   49         EV: 11    Int: 16    God:    Ashenzari [......] SH:  0 Dex: 12

rFire    + . .     SeeInvis +   a - +0 hand axe (chaos)
rCold    . . .     Faith    .   (no shield)
rNeg     . . .     Spirit   .   b - +2 leather armour
rPois    ∞         Reflect  .   (helmet restricted)
rElec    .         Harm     .   (no cloak)
rCorr    .         Rampage  .   (no gloves)
Will     .....                  (boots unavailable)
Stlth    +.........             (no amulet)
HPRegen  0.15/turn              d - ring of ice
MPRegen  0.00/turn              (no ring)

@: flying
A: sickness immunity, fire resistance 2, cold vulnerability 1, float, innate
caster, hp casting, extra vitality 1, horns 1, see invisible, mutation
resistance 1, MP-powered wands
a: Renounce Religion


You were on level 5 of the Dungeon.
You worshipped Ashenzari.
Ashenzari was noncommittal.
You visited 1 branch of the dungeon, and saw 5 of its levels.

You collected 49 gold pieces.

Inventory:

Hand Weapons
 a - a +0 hand axe of chaos (weapon)
 e - a +0 spear
 t - a +1 dagger of venom
 v - a +2 short sword of speed
Missiles
 k - 88 stones (quivered)
 n - 3 javelins
 x - 5 boomerangs
Armour
 b - a +2 leather armour (worn)
 i - a +0 buckler
 m - a +0 chain mail
Jewellery
 d - a ring of ice (left hand)
 j - a ring of fire
 l - a ring of magical power
 p - an amulet of magic regeneration
Wands
 o - a wand of polymorph (9)
Scrolls
 g - 4 scrolls of magic mapping
 r - 3 scrolls of teleportation
 s - a scroll of fog
Potions
 c - 2 potions of curing
 f - 2 potions of heal wounds
 h - 2 potions of haste
 w - a potion of might


   Skills:
 + Level 3.6 Fighting
 - Level 4.0 Axes
 - Level 4.0 Armour
 - Level 2.1 Dodging
 * Level 1.5 Spellcasting


You had 5 spell levels left.
You knew the following spells:

 Your Spells              Type           Power      Damage    Failure   Level
a - Animate Skeleton      Necr           12%        N/A       16%         1
z - Searing Ray           Conj           12%        3d3       22%         2
Your spell library was empty.

Dungeon Overview and Level Annotations

Branches:
Dungeon (5/15)             Temple (0/1) D:4

Altars:
Ashenzari
Uskayaw
Vehumet
Zin

Annotations:
D:4 exclusion: statue


Innate Abilities, Weirdness & Mutations

You are immune to sickness and miasma.
You are immune to poison.
Your flesh is very heat resistant. (rF++)
You are vulnerable to cold. (rC-)
You float through the air rather than walking.
You learn spells naturally, not from books.
Your magical power is your life essence.
You have superior vitality. (+4 HP)
You have a pair of small horns on your head.
You have supernaturally acute eyesight. (SInv)
You are somewhat resistant to further mutation.
You expend health (3 HP) to strengthen your wands.


Message History

The phantom hits you but does no damage.
You miss the phantom.
The phantom is lightly damaged.
The phantom misses you.
You completely miss the phantom.
The phantom is lightly damaged.
The phantom hits you.
The phantom blinks!
You blink.
A bullfrog zombie comes into view.
You hit the phantom. You burn the phantom. Your headbutt misses the phantom.
The phantom is heavily damaged.
The phantom hits you! The phantom barely misses you.
You hit the phantom.
The phantom seems to grow stronger.
The phantom is heavily damaged.
The phantom closely misses you.
You hit the phantom. Your headbutt misses the phantom.
The phantom is severely damaged.
The phantom hits you!
You hit the phantom but do no damage.
The phantom is severely damaged.
The phantom hits you.
The phantom blinks!
You blink.
You hit the phantom.
The phantom is almost destroyed.
The phantom hits you but does no damage.
You closely miss the phantom.
The phantom is almost destroyed.
The phantom hits you!
* * * LOW HITPOINT WARNING * * *
The phantom blinks!
You blink.
You closely miss the phantom. Your headbutt misses the phantom.
The phantom is almost destroyed.
The phantom barely misses you.
You barely miss the phantom.
The phantom is almost destroyed.
The phantom hits you!
* * * LOW HITPOINT WARNING * * *
You barely miss the phantom.
The phantom is almost destroyed.
You hit the bullfrog zombie. The bullfrog zombie misses you.
The phantom hits you.
You die...

##..... ###!.. ####
###. ###...## ##
###......#
###........##
###......>....#
#.............#
...!...@W.....##
..[.....Z......# #.
.............<.# #..#
)..............###..##.
.......................
.................#
#..............###
#.........#..###
.....##


You could see a phantom (strong) and a bullfrog zombie.

Vanquished Creatures
  2 orc priests
  An iguana (D:3)
  5 orc wizards
  3 adders
  A worm (D:2)
  11 orcs
  5 ball pythons
  9 bats
  9 endoplasms
  6 giant cockroaches
  3 goblins
  5 hobgoblins
  5 jackals
  4 quokkas
  6 frilled lizards
  8 kobolds
  8 rats
91 creatures vanquished.

Vanquished Creatures (others)
  2 orcs (D:3)
2 creatures vanquished.

Grand Total: 93 creatures vanquished

Notes
Turn   | Place    | Note
-------+----------+-------------------------------------------
     0 | D:1      | Banquo the Djinni Chaos Knight began the quest for the Orb.
     0 | D:1      | Reached XP level 1. HP: 20/20 MP: 0/0
   126 | D:1      | XOM: divination: detect items
   212 | D:1      | Reached XP level 2. HP: 24/25 MP: 0/0
   315 | D:1      | XOM: scenery: 1 doors open
   595 | D:1      | Reached XP level 3. HP: 28/30 MP: 0/0
   595 | D:1      | Learned a level 1 spell: Animate Skeleton
  1000 | D:1      | XOM: cloud trail
  1105 | D:1      | Found a faded altar of an unknown god.
  1410 | D:2      | Reached XP level 4. HP: 26/35 MP: 0/0
  1489 | D:2      | XOM: noise
  1548 | D:2      | XOM: divination: detect creatures
  2293 | D:2      | XOM: cloud trail
  2570 | D:2      | XOM: divination: magic mapping
  2629 | D:3      | XOM: potion effect (heal wounds)
  2642 | D:3      | Reached XP level 5. HP: 31/40 MP: 0/0
  2642 | D:3      | Learned a level 2 spell: Searing Ray
  2899 | D:3      | Found a broken altar of Ashenzari.
  2941 | D:3      | Found a glowing silver altar of Zin.
  2943 | D:3      | Found a hide-covered altar of Uskayaw.
  3020 | D:3      | XOM: give mutations
  3020 | D:3      | Gained mutation: You have a pair of small horns on your
                  | head. [Xom's grace]
  3020 | D:3      | Gained mutation: You have supernaturally acute eyesight.
                  | (SInv) [Xom's grace]
  3020 | D:3      | Gained mutation: You are somewhat resistant to further
                  | mutation. [Xom's grace]
  3020 | D:3      | Gained mutation: You expend health (3 HP) to strengthen
                  | your wands. [Xom's grace]
  3262 | D:3      | XOM: stat loss: -1 Int (14/15)
  3337 | D:3      | XOM: divine lightning
  3636 | D:3      | XOM: silly message
  3928 | D:3      | XOM: silly message
  3960 | D:3      | Reached XP level 6. HP: 5/46 MP: 0/0
  4105 | D:3      | XOM: silly message
  4382 | D:4      | Reached skill level 1 in Spellcasting
  4531 | D:4      | XOM: silly message
  4583 | D:4      | Found a staircase to the Ecumenical Temple.
  4602 | D:3      | Fell from the grace of Xom
  4602 | D:3      | Became a worshipper of Ashenzari the Shackled
  5803 | D:5      | Entered Level 5 of the Dungeon
  5804 | D:5      | Noticed a sky beast
  5868 | D:5      | HP: 2/46 [phantom (12)]
  5869 | D:5      | Slain by a phantom

Illustrated notes

Levels and vault maps discovered:
D:1:      minmay_arrival_up_and_down, layout_basic,
          shapermc_ecumenical_altar_hornbeckon, minmay_circled_x
D:2:      minmay_recursive_quarters, layout_loops_ring,
          grunt_decor_mini_mirrors, minmay_heptomino_o4
D:3:      wad_crossroads, layout_basic, nicolae_overflow_hidden_temple,
          minmay_goblin_kobold_house
D:4:      layout_loops_cross, vehumet_statue, temple_statues
D:5:      layout_cave_pods, mainiacjoe_overflow_boulevard,
          jmf_multi_god_temple2, uniq_pikel

Skill      XL: |  1  2  3  4  5  6 |
---------------+-------------------+-----
Axes           | 3 4 |  4.0
Armour         | 2 3 4 |  4.0
Spellcasting   | 1 |  1.5
Fighting       | |  3.6
Dodging        | |  2.1

Action                   |  1- 3 |  4- 6 || total
-------------------------+-------+-------++-------
Melee: Hand axe          |    93 |   198 ||   291
       Headbutt          |       |    12 ||    12
 Stab: Petrifying        |     1 |       ||     1
Armor: Leather armour    |    45 |    57 ||   102
Dodge: Dodged            |    63 |    94 ||   157
